 Dungeon Crawl Stone Soup version 0.26-a0-519-gb2f46ef (webtiles) character file.

Game seed: 1092814665893990748

74 sauken the Ruffian (level 4, -1/36 HPs)
             Began as a Barachi Warper on Aug 11, 2020.
             Succumbed to a kobold's poison
             ... on level 3 of the Dungeon.
             The game lasted 00:03:04 (705 turns).

sauken the Ruffian (Barachi Warper)                  Turns: 705, Time: 00:03:04

Health: -1/36      AC: 13    Str: 13    XL:     4   Next: 28%
Magic:  7/7        EV:  3    Int: 13    God:
Gold:   21         SH:  0    Dex: 12    Spells: 5/7 levels left

rFire    . . .     SeeInvis .     - Unarmed
rCold    . . .     Faith    .   (no shield)
rNeg     . . .     Spirit   .   h - +0 plate armour
rPois    .         Reflect  .   (no helmet)
rElec    .         Harm     .   (no cloak)
rCorr    .                      b - +2 pair of gloves
MR       .....                  (no boots)
Stlth    ..........             (no amulet)
HPRegen  0.12/turn              (no ring)
MPRegen  0.10/turn              (no ring)

@: brilliant, lethally poisoned (-1 -> -16), berserk cooldown, flying, slowed,
very slow
A: +LOS, swims, slowness 1, strong legs 1
a: Hop


You were on level 3 of the Dungeon.
You visited 1 branch of the dungeon, and saw 3 of its levels.

You collected 21 gold pieces.

Inventory:

Missiles
 d - 5 boomerangs of dispersal {=f}
 Q - 12 stones (quivered)
Armour
 a - a +0 leather armour
 b - a +2 pair of gloves (worn)
 h - a +0 plate armour (worn)
Scrolls
 c - a scroll of blinking {!r}
 e - 2 scrolls of remove curse {unknown}
 f - 2 scrolls of identify {unknown}
 g - a scroll of fear {unknown}
 i - a scroll of teleportation {unknown}
Potions
 l - a potion of berserk rage {!q}


   Skills:
 + Level 3.6 Fighting
 - Level 1.0 Throwing
 - Level 1.2 Armour
 - Level 2.1 Dodging
 * Level 4.1 Unarmed Combat
 - Level 2.1 Spellcasting
 - Level 3.2 Translocations


You had 5 spell levels left.
You knew the following spells:

 Your Spells              Type           Power        Failure   Level
b - Blink                 Tloc           N/A          100%        2

Your spell library contained the following spells:

 Spells                   Type           Power        Failure   Level
 Gell's Gravitas          Tloc           ##........   100%        3
 Lesser Beckoning         Tloc           ##........   100%        3
 Teleport Other           Tloc           ##......     100%        3
 Passage of Golubria      Tloc           N/A          100%        4


Dungeon Overview and Level Annotations

Branches:
Dungeon (3/15)

Altars:
Dithmenos
Elyvilon


Innate Abilities, Weirdness & Mutations

You can be seen from farther away. (+LOS)
You can swim through water.
You cover ground slowly.
You can hop short distances.


Message History

You take 3 damage, and have 6/36 hp.
Unknown command.
Okay, then.
Throwing (i - inventory. (/) - cycle)
Q - 14 stones (quivered)
Aim: a kobold, wielding a +0 dagger and quivering 2 poisoned darts You throw a stone.
The stone hits the kobold but does no damage.
* * * LOW HITPOINT WARNING * * *
You feel sick.
You take 2 damage, and have 4/36 hp.
Unknown command.
Throwing (i - inventory. (/) - cycle)
Q - 13 stones (quivered)
Aim: a kobold, wielding a +0 dagger and quivering 2 poisoned darts You throw a stone.
The stone barely misses the kobold.
* * * LOW HITPOINT WARNING * * *
You feel very sick.
The kobold throws a poisoned dart.
The poisoned dart barely misses you.
You take 3 damage, and have 1/36 hp.
Unknown command.
You die...

#######.### #.# #.#
#.# #.# ###.#######
#.###.........#
#.........###.#######
#####(..(.K@).....(.#
#....####.###...#
#.#.## .# #.#.# .#
#.... .# ###+# ##

Skill      XL: |  1  2  3 |
---------------+----------+-----
Unarmed Combat | 3 4 |  4.1
Fighting       | 3 |  3.6
Throwing       | |  1.0
Armour         | |  1.2
Dodging        | |  2.1
Spellcasting   | |  2.1
Translocations | |  3.2

Notes
Turn   | Place    | Note
-------+----------+-------------------------------------------
     0 | D:1      | sauken the Barachi Warper began the quest for the Orb.
     0 | D:1      | Reached XP level 1. HP: 17/17 MP: 3/3
   100 | D:1      | HP: 3/17 [ooze (5)]
   101 | D:1      | Reached XP level 2. HP: 4/23 MP: 5/5
   363 | D:1      | Learned a level 2 spell: Blink
   410 | D:1      | Reached skill level 3 in Unarmed Combat
   461 | D:2      | Found a white marble altar of Elyvilon.
   487 | D:2      | Found a shadowy altar of Dithmenos.
   540 | D:2      | Reached skill level 3 in Fighting
   610 | D:2      | Reached XP level 3. HP: 21/29 MP: 6/6
   698 | D:3      | Reached skill level 4 in Unarmed Combat
   698 | D:3      | Reached XP level 4. HP: 15/35 MP: 7/7
   701 | D:3      | HP: 8/35 [poisoned by a kobold]
   704 | D:3      | HP: 1/36 [poisoned by a kobold]
   705 | D:3      | Succumbed to a kobold's poison

Table legend: (Time is in decaauts)
 A = Elapsed time spent in this place.
 B = Non-inter-level travel time spent in this place.
 C = Inter-level travel time spent in this place.
 D = Time resting spent in this place.
 E = Time spent auto-exploring this place.
 F = Levels seen in this place.
 G = Mean time per level.
                   A        B        C        D        E       F      G
               +--------+--------+--------+--------+--------+-----+--------+
         Total |    751 |    751 |      0 |    258 |      0 |   3 |  250.3 |
       Dungeon |    751 |    751 |      0 |    258 |      0 |   3 |  250.3 |
               +--------+--------+--------+--------+--------+-----+--------+

Top non-repeatable levels by time:
     D:1: 447 daAuts
     D:2: 249 daAuts
     D:3: 54 daAuts

Table legend:
 A = Kills in this place as a percentage of kills in entire the game.
 B = Kills by you in this place as a percentage of kills by you in the entire game.
 C = Kills by friends in this place as a percentage of kills by friends in the entire game.
 D = Other kills in this place as a percentage of other kills in the entire game.
 E = Experience gained in this place as a percentage of experience gained in the entire game.
 F = Experience gained in this place divided by the number of levels of this place that you have seen.
                   A       B       C       D       E      F
               +-------+-------+-------+-------+-------+----------------------
         Total | 100.0 | 100.0 |   N/A | 100.0 | 100.0 |  35.3
       Dungeon | 100.0 | 100.0 |   N/A | 100.0 | 100.0 |  35.3
               +-------+-------+-------+-------+-------+----------------------

Action                   |  1- 3 |  4- 6 || total
-------------------------+-------+-------++-------
Melee: Unarmed           |   129 |     3 ||   132
       Punch             |     1 |       ||     1
Throw: Stone             |       |     2 ||     2
  Use: Potion            |     3 |       ||     3
Armor: Leather armour    |    35 |       ||    35
       Plate armour      |   114 |     1 ||   115
Dodge: Dodged            |    73 |     2 ||    75

Vanquished Creatures
  3 gnolls (D:3)
  An ooze (D:1)
  A dart slug (D:2)
  A leopard gecko (D:2)
  A giant cockroach (D:1)
  2 goblins
  A hobgoblin (D:1)
  6 jackals
  A ball python (D:1)
  3 bats
  3 frilled lizards
  3 kobolds
  3 rats
29 creatures vanquished.

Vanquished Creatures (others)
  A gnoll (D:3)
1 creature vanquished.

Grand Total: 30 creatures vanquished You could see a kobold.

Levels and vault maps discovered:
D:1:      psy_arrival_basics, layout_basic
D:2:      layout_basic, kennysheep_ying_yang, nicolae_dithmenos_shadow_blocks
D:3:      layout_loops_corners, nicolae_gozag_zags_fifth_avenue, uniq_jessica
